 Dungeon Crawl Stone Soup version 0.29-a0-885-gb26ba3297d (webtiles) character file.

Game seed: 16891784188265861510

179 jimonade the Covert (level 5, -2/31 HPs)
             Began as a Kobold Brigand on July 20, 2022.
             Killed from afar by an orc wizard (5 damage)
             ... with a puff of flame
             ... on level 3 of the Dungeon.
             The game lasted 00:04:24 (3592 turns).

jimonade the Covert (Kobold Brigand)                Turns: 3592, Time: 00:04:24

Health: -2/31      AC:  6    Str:  8    XL:     5   Next: 90%
Magic:  5/6        EV: 14    Int: 13    God:
Gold:   152        SH:  0    Dex: 18    Spells: 5/5 levels left

rFire   . . .      SeeInvis .   p - +0 dagger (venom)
rCold   . . .      Faith    .   (no shield)
rNeg    . . .      Spirit   .   u - +2 robe {Will+}
rPois   .          Reflect  .   v - +0 helmet
rElec   .          Harm     .   c - +0 cloak
rCorr   .          Rampage  .   (no gloves)
Will    +....                   (no boots)
Stlth   +++++.....              (no amulet)
HPRegen 0.10/turn               (no ring)
MPRegen 0.10/turn               (no ring)

@: no status effects
A: small, no large weapons, nightstalker 3
a: no special abilities


You were on level 3 of the Dungeon.
You visited 1 branch of the dungeon, and saw 3 of its levels.

You collected 152 gold pieces.

Inventory:

Hand Weapons
 a - a +2 dagger
 n - a +0 sling
 p - a +0 dagger of venom (weapon)
 r - a +1 spear of venom
Missiles
 d - 9 poisoned darts (quivered)
 e - 3 curare-tipped darts
 g - a throwing net
Armour
 b - a +0 robe
 c - a +0 cloak (worn)
 f - a +0 pair of gloves
 l - a +0 leather armour
 u - a +2 robe of willpower (worn)
 v - a +0 helmet (worn)
Scrolls
 i - a scroll of enchant weapon {unknown}
 k - 5 scrolls of identify {unknown}
 q - a scroll of silence {unknown}
 t - a scroll of blinking {unknown}
 w - a scroll of butterflies {unknown}
Potions
 h - 2 potions of curing {unknown}
 j - a potion of heal wounds {unknown}
 m - 2 potions of flight {unknown}
 o - 2 potions of haste {unknown}
 s - 2 potions of mutation {unknown}
 x - a potion of degeneration {unknown}


   Skills:
 + Level 2.4 Fighting
 + Level 3.4 Short Blades
 + Level 2.2 Throwing
 + Level 0.5 Armour
 + Level 1.9 Dodging
 * Level 8.0 Stealth
 * Level 0.8 Spellcasting
 * Level 0.5 Air Magic
 * Level 0.6 Poison Magic


You had 5 spell levels left.
You didn't know any spells.
Your spell library contained the following spells:

 Spells                   Type           Power      Damage    Failure   Level
 Foxfire                  Conj/Fire      0%         2x1d4     28%         1
 Poisonous Vapours        Pois/Air       4%         N/A       34%         2
 Corpse Rot               Necr/Pois/Air  1%         N/A       94%         4


Dungeon Overview and Level Annotations

Branches:
Dungeon (3/15)

Altars:
Makhleb

Shops:
D:1 ?

Annotations:
D:3 exclusion: 2 gnolls


Innate Abilities, Weirdness & Mutations

You are small and have problems with some larger weapons.
You are completely attuned to the shadows.


Message History

The orc shouts!
You hit the orc priest.
The orc priest is lightly wounded.
The orc wizard hits you with a +0 dagger.
The orc priest hits you with a +3 dagger.
You hit the orc priest.
The orc priest is moderately wounded.
The orc priest hits you with a +3 dagger.
The orc wizard misses you.
You hit the orc priest but do no damage.
The orc priest is poisoned.
The orc priest is moderately wounded.
The orc priest invokes the aid of Beogh against you.
You resist with some effort.
The orc wizard hits you but does no damage.
The orc attacks as you move away! The orc hits you but does no damage.
The orc attacks as you move away! The orc hits you with a +0 dagger.
The orc priest attacks as you move away!
The orc priest hits you with a +3 dagger.
The orc priest attacks as you move away!
The orc priest barely misses you.
You see here a +0 spear.
The orc priest attacks as you move away!
The orc priest hits you with a +3 dagger.
The orc priest mumbles some strange prayers to Beogh against you.
Beogh smites you!
* * * LOW HITPOINT WARNING * * *
The orc priest hits you but does no damage.
The orc closely misses you.
You hit the orc priest.
You kill the orc priest!
The orc misses you.
Your Stealth skill increases to level 8!
Something barely misses you.
You closely miss something. You closely miss something.
You hear some strange, mumbled words.
A puff of flame appears from out of thin air!
The puff of flame hits you.
You die...

#....##########...##
#.........).....<...
#.##..........#.#.##
# #....######.....#
#.............####
#)o...#........... #
#o#..<#.#####.....
#.#{##..#.#####.....
#..@................
###.#...............
#.####............
#....'............
######............
#........##.....
#........#######
############
#........# ##
#..........#
#........######.


You could see an orc wizard and an orc.

Vanquished Creatures
  A scorpion (D:3)
  An orc priest (D:3)
  3 adders
  2 worms (D:3)
  A dart slug (D:2)
  An orc (D:3)
  9 ball pythons
  4 endoplasms
  A giant cockroach (D:2)
  9 goblins
  6 hobgoblins
  8 kobolds
  6 bats
  2 frilled lizards (D:1)
  5 rats
59 creatures vanquished.

Notes
Turn   | Place    | Note
-------+----------+-------------------------------------------
     0 | D:1      | jimonade the Kobold Brigand began the quest for the Orb.
     0 | D:1      | Reached XP level 1. HP: 12/12 MP: 1/1
    77 | D:1      | Found Cuasawk's Magic Scroll Boutique.
   101 | D:1      | Reached XP level 2. HP: 17/17 MP: 2/2
   115 | D:1      | Reached skill level 6 in Stealth
   862 | D:1      | Reached XP level 3. HP: 19/21 MP: 3/3
  1656 | D:2      | Reached skill level 7 in Stealth
  1656 | D:2      | Reached XP level 4. HP: 26/26 MP: 4/4
  2480 | D:2      | Found a faded altar of an unknown god.
  2485 | D:2      | Got Plato's Omnibus of Fire
  3119 | D:3      | Noticed a scorpion
  3139 | D:3      | Killed a scorpion
  3140 | D:3      | Reached XP level 5. HP: 22/31 MP: 5/5
  3325 | D:3      | Found a faded altar of an unknown god.
  3326 | D:3      | Found a burning altar of Makhleb.
  3588 | D:3      | Reached skill level 8 in Stealth
  3592 | D:3      | Killed from afar by an orc wizard

Illustrated notes

Levels and vault maps discovered:
D:1:      eino_arrival_tree_alley, layout_rooms, serial_shops, shop,
          chequers_serial_rivers_micro_a
D:2:      layout_loops_corners, shapermc_ecumenical_altar_rom_forum
D:3:      layout_basic, nicolae_overflow_ecumenical_swirl

Skill      XL: |  1  2  3  4  5 |
---------------+----------------+-----
Stealth        | 6 7 8 |  8.0
Short Blades   | 3 |  3.4
Fighting       | |  2.4
Throwing       | |  2.2
Armour         | |  0.5
Dodging        | |  1.9
Spellcasting   | |  0.8
Air Magic      | |  0.5
Poison Magic   | |  0.6

Action                   |  1- 3 |  4- 6 || total
-------------------------+-------+-------++-------
Melee: Dagger            |    96 |    62 ||   158
 Stab: Sleeping          |    16 |     7 ||    23
       Distracted        |     1 |       ||     1
Armor: Robe              |    25 |     7 ||    32
       Leather armour    |     2 |       ||     2
Dodge: Dodged            |    75 |    36 ||   111

Table legend: (Time is in decaauts)
 A = Elapsed time spent in this place.
 B = Non-inter-level travel time spent in this place.
 C = Inter-level travel time spent in this place.
 D = Time resting spent in this place.
 E = Time spent auto-exploring this place.
 F = Levels seen in this place.
 G = Mean time per level.
                   A        B        C        D        E       F      G
               +--------+--------+--------+--------+--------+-----+--------+
         Total |   3568 |   3472 |     96 |    761 |   2203 |   3 | 1189.3 |
       Dungeon |   3568 |   3472 |     96 |    761 |   2203 |   3 | 1189.3 |
               +--------+--------+--------+--------+--------+-----+--------+

Top non-repeatable levels by time:
     D:2: 1403 daAuts
     D:1: 1368 daAuts
     D:3: 796 daAuts
